 Dungeon Crawl Stone Soup version 0.29.1-13-g9f3cf754e1 (webtiles) character file.

Game seed: 11398324691971950910

52 cheesebisquit the Digger (level 3, -5/19 HPs)
             Began as a Gargoyle Earth Elementalist on Jan 19, 2023.
             Killed from afar by Natasha (6 damage)
             ... with a magic dart
             ... on level 3 of the Dungeon.
             The game lasted 00:07:14 (2293 turns).

cheesebisquit the Digger (GrEE)                     Turns: 2293, Time: 00:07:15

Health: -5/19      AC:  5    Str: 11    XL:     3   Next: 85%
Magic:  6/7        EV: 11    Int: 17    God:
Gold:   105        SH:  0    Dex: 10    Spells: 4/8 levels left

rFire   . . .      SeeInvis .   o - +0 club
rCold   . . .      Faith    .   (no shield)
rNeg    + . .      Spirit   .   a - +0 robe
rPois   ∞          Reflect  .   n - +0 hat
rElec   +          Harm     .   (no cloak)
rCorr   .          Rampage  .   (no gloves)
Will    .....                   (no boots)
Stlth   ++........              (no amulet)
HPRegen 0.06/turn               (no ring)
MPRegen 0.10/turn               (no ring)

@: about to teleport
A: sickness immunity, AC +3, negative energy resistance 1, electricity
resistance, torment resistance 1, petrification resistance
a: no special abilities


You were on level 3 of the Dungeon.
You visited 1 branch of the dungeon, and saw 3 of its levels.

You collected 105 gold pieces.

Inventory:

Hand Weapons
 o - a +0 club (weapon)
Missiles
 c - 6 poisoned darts
 d - 28 stones
Armour
 a - a +0 robe (worn)
 n - a +0 hat (worn)
 p - a +0 scale mail
 q - a +0 ring mail
Scrolls
 f - a scroll of amnesia {unknown}
 h - 3 scrolls of identify {unknown}
 i - 3 scrolls of teleportation
 k - a scroll of blinking {unknown}
 l - 4 scrolls of fear {unknown}
 m - a scroll of magic mapping {unknown}
 r - a scroll of poison {unknown}
 s - 2 scrolls of enchant weapon {unknown}
 t - 3 scrolls of butterflies {unknown}
 u - a scroll of acquirement {unknown}
Potions
 b - a potion of magic
 e - a potion of degeneration {unknown}
 g - a potion of brilliance {unknown}
 j - a potion of heal wounds
 v - a potion of attraction {unknown}
 w - a potion of might {unknown}


   Skills:
 - Level 1.5 Dodging
 - Level 2.1 Stealth
 + Level 3.0 Spellcasting
 - Level 0.7 Transmutations
 + Level 4.7 Earth Magic


You had 4 spell levels left.
You knew the following spells:

 Your Spells              Type           Power      Damage    Failure   Level
a - Sandblast             Erth           36%        2d10      2%          1
b - Stone Arrow           Conj/Erth      20%        3d8       21%         3

Your spell library contained the following spells:

 Spells                   Type           Power      Damage    Failure   Level
 Passwall                 Tmut/Erth      9%         N/A       9%          2
 Dazzling Flash           Conj/Hex       4%         N/A       45%         3
 Petrify                  Tmut/Erth      11%        N/A       50%         4
 Agony                    Necr           2%         N/A       99%         5
 Silence                  Hex/Air        1%         N/A       99%         5


Dungeon Overview and Level Annotations

Branches:
Dungeon (3/15)

Altars:

Annotations:
D:3 Natasha


Innate Abilities, Weirdness & Mutations

You are immune to sickness and miasma.
Your stone body is resilient. (AC +3)
You are immune to poison.
You resist negative energy. (rN+)
You are resistant to electric shocks. (rElec)
You are resistant to unholy torment.
You are immune to petrification.


Message History

h - 3 scrolls labelled BEEJ MUPSU (gained 1)
You now have 105 gold pieces (gained 14).
w - a sapphire potion A bat comes into view.
You can't see any susceptible monsters within range! (Use Z to cast anyway.)
The blast of sand hits the bat.
You kill the bat!
Natasha, Servant of Life and Death comes into view.
She is carrying a wand of light (5).
You see here a red potion.
Natasha hisses angrily.
You hear a shout!
A bat comes into view.
A hobgoblin comes into view. It is wielding a +0 sling.
The bat moves out of view.
The blast of sand misses Natasha.
The hobgoblin shouts!
Natasha zaps a wand.
The bolt of light hits you!
You are confused.
Ouch! That really hurt!
The hobgoblin shoots a sling bullet.
The sling bullet hits you.
* * * LOW HITPOINT WARNING * * *
The hobgoblin shoots a sling bullet.
The sling bullet misses you.
An endoplasm comes into view.
The endoplasm quivers.
You are too injured to fight recklessly!
You see here a red potion.
It was a potion of heal wounds.
You feel much better.
You feel less confused.
The blast of sand misses Natasha.
Natasha zaps a wand.
The bolt of light hits you!
Ouch! That really hurt!
Natasha attacks as you move away! Natasha claws you.
* * * LOW HITPOINT WARNING * * *
Natasha claws you.
* * * LOW HITPOINT WARNING * * *
Natasha attacks as you move away! Natasha barely misses you.
As you read the scroll labelled GOTTAMAOZY, it crumbles to dust.
You feel strangely unstable.
It was a scroll of teleportation.
Natasha stares at you and mumbles some strange words.
The magic dart hits you.
You die...

..###.#.## ###.. ..........
....# #.#..#g.### . ....##
#.....J...##.. .....######
#........... ......#...##
#.##.##.##.# ...........#
#...!......# ...........#
#.##.##.####
.....#.....#####@#...#.#
....##.........#.h.....#
...##......###.###...###
...#...........# #...#
............#..###...##...
...#.....#..#.............
.........#................
...###.#...................
...# ###.#.##.####...##.##.


You could see Natasha.

Vanquished Creatures
  An adder (D:2)
  3 dart slugs (D:1)
  A ball python (D:1)
  2 bats
  8 endoplasms
  A giant cockroach (D:3)
  4 goblins
  3 hobgoblins
  2 kobolds
  2 quokkas (D:2)
  5 rats
32 creatures vanquished.

Notes
Turn   | Place    | Note
-------+----------+-------------------------------------------
     0 | D:1      | cheesebisquit the Gargoyle Earth Elementalist began the
                  | quest for the Orb.
     0 | D:1      | Reached XP level 1. HP: 10/10 MP: 3/3
   274 | D:1      | Reached XP level 2. HP: 15/15 MP: 0/5
   284 | D:1      | Reached skill level 4 in Earth Magic
   493 | D:1      | Found a faded altar of an unknown god.
   852 | D:1      | Reached XP level 3. HP: 17/19 MP: 4/6
  1380 | D:2      | Learned a level 3 spell: Stone Arrow
  2282 | D:3      | Noticed Natasha
  2293 | D:3      | Killed from afar by Natasha

Illustrated notes

Levels and vault maps discovered:
D:1:      dpeg_arrival_lava_temple_mockup, layout_basic,
          chequers_ecumenical_altar_simple_redux, minmay_misc_feat_four_crosses
D:2:      layout_loops_corners, kennysheep_generic_room_4
D:3:      minmay_goblin_kobold_castle, layout_loops_cross, st_stairs_1,
          uniq_natasha

Skill      XL: |  1  2  3 |
---------------+----------+-----
Earth Magic    | 4 |  4.7
Spellcasting   | 3 |  3.0
Dodging        | |  1.5
Stealth        | |  2.1
Transmutations | |  0.7

Action                   || total
-------------------------++-------
Melee: Unarmed           ||    12
 Cast: Sandblast         ||    47
  Use: Scroll            ||     1
       Potion            ||     1
Armor: Robe              ||     1
Dodge: Dodged            ||     8
